AoeStats
← Beware of Bears

Arena

505801631Analyzed
4v4 RM · 22d ago on Sep 11, 2026· 48m 49s· 8 players
Game mode
Random Map
Map size
Large (8 player)
Population
200
Speed
Normal
Resources
Standard
Victory
Conquest
Starting age
Dark Age
Ending age
Imperial Age
RankedLock teamsTeams togetherTeam positionsShared explorationLock speedFull tech treeHidden civsTurbo modeCheats
Victory
Defeat
🇺🇸 Italians · United States
1144
+16
🇨🇳 Cumans · China
1129
+17
🇨🇳 Poles · China
1101
+18
🇨🇳 Vietnamese · China
1055
+20
🇦🇷 Chinese · Argentina
1229
-21
🇦🇷 Malay · Argentina
1216
-21
🇦🇷 Huns · Argentina
1133
-17
🇺🇸 Mapuche · United States
1003
-33
Salty
14:19 Feudal Age
15:57 Wheelbarrow
15:09 Double-Bit Axe
15:15 Gold Mining
15:18 Stone Mining
15:10 Horse Collar
15:44 Town Watch
23:05 Castle Age
27:21 Imperial Age
24:47 Fletching
24:59 Padded Archer Armor
27:00 Ballistics
27:41 Bodkin Arrow
29:05 Chemistry
28:27 Conscription
27:43 Elite Genoese Crossbowman
28:29 Bracer
28:48 Leather Archer Armor
36:12 Ring Archer Armor
45:19 Onager
2442162598
2:56 Loom
12:04 Feudal Age
17:17 Castle Age
16:02 Double-Bit Axe
15:59 Horse Collar
22:20 Town Watch
24:02 Bloodlines
24:23 Husbandry
24:50 Bow Saw
25:03 Heavy Plow
26:16 Wheelbarrow
26:09 Stone Mining
26:49 Gold Mining
27:53 Light Cavalry
28:42 Scale Barding Armor
28:47 Forging
32:03 Imperial Age
31:12 Chain Barding Armor
31:30 Iron Casting
32:42 Winged Hussar
34:24 Blast Furnace
34:37 Murder Holes
34:53 Masonry
35:38 Conscription
35:28 Arrowslits
36:04 Ballistics
35:18 Pikeman
38:43 Stone Shaft Mining
39:03 Scale Mail Armor
39:09 Squires
38:55 Arson
39:58 Hand Cart
44:57 Crop Rotation
43:53 Man-at-Arms
45:51 Chemistry
45:03 Fortified Wall
44:33 Treadmill Crane
45:24 Chain Mail Armor
45:10 Padded Archer Armor
45:01 Fletching
47:41 Leather Archer Armor
47:22 Bodkin Arrow
49:11 Lechitic Legacy
48:15 Elite Skirmisher
kiyohime
1:50 Loom
10:50 Feudal Age
12:16 Wheelbarrow
11:32 Double-Bit Axe
11:59 Horse Collar
18:16 Gold Mining
23:46 Castle Age
22:18 Forging
22:11 Scale Mail Armor
21:39 Man-at-Arms
22:50 Arson
26:00 Gold Shaft Mining
25:16 Stone Mining
24:51 Long Swordsman
25:31 Squires
25:50 Chain Mail Armor
26:11 Iron Casting
25:57 Hand Cart
25:46 Heavy Plow
26:00 Bow Saw
25:27 Capped Ram
31:27 Pikeman
33:58 Town Watch
37:10 Imperial Age
38:01 Ballistics
37:37 Murder Holes
37:17 Two-Handed Swordsman
37:18 Halberdier
39:02 Blast Furnace
38:33 Plate Mail Armor
38:41 Champion
39:51 Guilds
40:16 Crop Rotation
40:53 Two-Man Saw
40:49 Conscription
40:30 Steppe Husbandry
40:45 Bloodlines
39:57 Light Cavalry
39:58 Elite Steppe Lancer
40:55 Scale Barding Armor
41:39 Cavalier
41:39 Hussar
43:24 Chain Barding Armor
45:11 Plate Barding Armor
45:05 Paladin
若叶睦
11:02 Feudal Age
12:18 Double-Bit Axe
15:49 Castle Age
14:12 Stone Mining
14:23 Horse Collar
15:59 Gold Mining
17:05 Heavy Plow
22:23 Wheelbarrow
22:46 Bow Saw
28:37 Imperial Age
26:01 Crossbowman
27:31 Hand Cart
27:50 Padded Archer Armor
27:40 Fletching
28:46 Thumb Ring
29:14 Leather Archer Armor
31:41 Two-Man Saw
30:17 Arbalester
31:45 Ring Archer Armor
31:10 Bodkin Arrow
30:39 Capped Ram
33:32 Bodkin Arrow
36:52 Crop Rotation
37:24 Paper Money
37:10 Chatras
37:17 Scale Barding Armor
37:23 Forging
38:46 Bloodlines
39:39 Elite Battle Elephant
40:20 Husbandry
41:01 Chain Barding Armor
41:18 Iron Casting
47:53 Caravan
48:24 Coinage
48:04 Guilds
48:47 Plate Barding Armor
Beware of Bears
1:58 Loom
10:05 Feudal Age
11:40 Horse Collar
11:48 Double-Bit Axe
13:11 Wheelbarrow
14:07 Horse Collar
19:08 Castle Age
17:36 Gold Mining
17:54 Padded Archer Armor
18:40 Fletching
20:25 Hand Cart
20:45 Heavy Plow
21:29 Bow Saw
21:27 Elite Skirmisher
21:33 Elite Skirmisher
22:53 Gold Shaft Mining
23:45 Fervor
23:59 Town Watch
27:52 Bodkin Arrow
28:37 Ballistics
33:32 Imperial Age
32:27 Leather Archer Armor
32:29 Masonry
32:42 Malon
35:27 Chemistry
35:45 Ring Archer Armor
36:12 Town Patrol
41:48 Crop Rotation
42:04 Pikeman
42:52 Scale Mail Armor
42:41 Halberdier
45:10 Forging
45:16 Chain Mail Armor
dan29730
6:48 Loom
9:14 Feudal Age
8:51 Double-Bit Axe
9:34 Horse Collar
16:38 Castle Age
16:42 Bow Saw
18:15 Heavy Plow
18:35 Stone Mining
21:59 Wheelbarrow
21:30 Town Watch
24:34 Stone Shaft Mining
23:52 Gold Mining
26:26 Hand Cart
26:57 Town Patrol
29:41 Imperial Age
27:47 Gold Shaft Mining
27:29 Scale Barding Armor
28:48 Forging
29:26 Elite Battle Elephant
30:07 Husbandry
30:44 Iron Casting
31:23 Conscription
32:39 Ballistics
33:20 Chemistry
32:14 Fletching
32:24 Padded Archer Armor
33:25 Blast Furnace
32:18 Fletching
32:28 Padded Archer Armor
36:46 Crossbowman
37:32 Thumb Ring
37:24 Bodkin Arrow
37:44 Leather Archer Armor
36:57 Man-at-Arms
37:38 Squires
37:23 Arson
37:25 Pikeman
37:50 Long Swordsman
38:36 Elite Skirmisher
38:49 Two-Handed Swordsman
39:32 Forced Levy
41:11 Halberdier
43:53 Guilds
44:07 Leather Archer Armor
45:53 Ring Archer Armor
45:23 Bracer
47:14 Siege Engineers
[SIX] RX
11:15 Feudal Age
16:22 Castle Age
15:50 Double-Bit Axe
15:51 Horse Collar
19:28 Husbandry
20:15 Heavy Plow
20:26 Bow Saw
25:00 Gold Mining
25:01 Stone Mining
27:44 Scale Barding Armor
27:50 Forging
28:21 Marauders
Belmont
0:28 Loom
11:07 Feudal Age
14:47 Castle Age
12:41 Double-Bit Axe
16:27 Bow Saw
23:37 Fletching
23:48 Padded Archer Armor
23:51 Gold Mining
23:44 Horse Collar
25:33 Wheelbarrow
28:29 Bodkin Arrow
28:34 Padded Archer Armor
29:28 Hand Cart
28:59 Town Watch
29:19 Heavy Plow
30:03 Town Patrol
30:49 Gold Shaft Mining
30:05 Stone Mining
30:57 Thumb Ring
31:15 Ballistics
34:07 Imperial Age
31:31 Elite Skirmisher
33:11 Stone Shaft Mining
33:22 Crossbowman
35:10 Conscription
36:35 Chemistry
35:39 Bracer
35:55 Leather Archer Armor
36:32 Elite Chu Ko Nu
44:18 Arbalester
Connection lost

Rejoining the realm…

Still unreachable

The connection could not be restored.

Session expired

The server has moved on; the page needs a fresh start.